Map: Fields of Death

Players

Tenonee

  • Race: Zerg Zerg

KKrazy

  • Race: Terran Terran

Enigma - Winner!

  • Race: Zerg Zerg
  • League: Diamond

IIIIIIIIIIII - Winner!

  • Race: Terran Terran

VOD

Have the link to the VOD?

Description

Time

  • Played on: July 18, 2016, 7:30 a.m.
  • Length: 10:40
Show
View Real Time Build Order
Export as new Build Order

Tenonee Zerg 

Build Orders: Hatch First 

Get SALT Encoding   

  12  0:01  Drone  
  13  0:09  Drone  
  14  0:35  Hatchery  
  13  0:39  Drone  
  14  0:52  Extractor  
  13  0:59  Spawning Pool  
  13  1:03  Drone  
  13  1:16  Overlord  
  14  1:25  Drone  
  14  1:50  Queen  
  16  1:55  Metabolic Boost  
  15  2:09  Queen  
  17  2:17  Zergling x6  
  20  2:35  Queen  
  20  2:37  Drone x2  
  24  3:00  Drone x4  
  27  3:17  Overlord x2  
  27  3:39  Pneumatized Carapace, Hatchery  
  25  3:52  Roach Warren  
  25  3:55  Zergling x2  
  25  3:56  Zergling x6  
  27  4:03  Drone x2  
  29  4:23  Drone  
  29  4:24  Drone x6  
  36  4:41  Roach x2  
  40  4:56  Roach  
  42  5:04  Overlord x2  
  42  5:05  Drone x5  
  42  5:06  Drone x3  
  46  5:24  Roach x3  
  52  5:37  Drone  
  52  5:38  Drone x6  
  52  5:39  Drone x5  
  64  5:55  Extractor  
  63  5:58  Extractor  
  63  6:00  Extractor, Lair  
  61  6:05  Drone x3  
  61  6:06  Drone x2, Overlord  
  61  6:07  Overlord  
  66  6:26  Drone x13  
  79  6:43  Spore Crawler  
  79  6:45  Spore Crawler  
  77  6:47  Spore Crawler  
  77  6:50  Drone x3  
  79  6:55  Overlord x2  
  79  6:56  Overlord  
  79  6:58  Glial Reconstitution  
  79  7:04  Drone, Spire  
  79  7:08  Extractor x2, Drone x2  
  77  7:09  Drone  
  77  7:10  Drone x2  
  77  7:13  Overlord  
  82  7:16  Drone  
  82  7:17  Drone  
  84  7:24  Overlord x2  
  84  7:32  Evolution Chamber, Drone  
  84  7:33  Evolution Chamber  
  83  7:38  Roach  
  83  7:39  Roach x11  
  107  7:55  Queen  
  107  7:57  Overlord x2  
  109  8:10  Infestation Pit  
  108  8:16  Corruptor  
  108  8:17  Corruptor x6  
  122  8:29  Hatchery  
  91  8:38  Roach x4  
  91  8:39  Roach x7  
  109  8:46  Roach  
  109  9:06  Roach Warren  
  108  9:26  Mutalisk  
  108  9:27  Mutalisk x6  
  106  9:46  Roach x7  
  106  9:47  Roach  
  113  10:02  Mutalisk x2  
  117  10:14  Mutalisk x2  
  114  10:34  Hatchery  
Show
View Real Time Build Order
Export as new Build Order

KKrazy Terran 

Build Orders: Reaper Expand 

Get SALT Encoding   

  12  0:01  SCV  
  13  0:13  SCV  
  14  0:21  Supply Depot  
  14  0:25  SCV  
  15  0:43  Barracks, SCV  
  15  0:48  Refinery  
  16  0:55  SCV  
  17  1:07  SCV  
  18  1:19  SCV  
  19  1:31  Orbital Command  
  19  1:33  Reaper  
  20  1:44  Command Center  
  20  1:57  SCV  
  20  2:00  Supply Depot  
  21  2:04  Refinery  
  21  2:08  Factory  
  21  2:10  SCV  
  22  2:18  Marine  
  23  2:23  SCV  
  23  2:26  Barracks  
  23  2:36  Reaper  
  23  2:56  Factory Tech Lab  
  22  3:02  Starport  
  22  3:05  SCV  
  23  3:22  Barracks Tech Lab, Barracks Reactor  
  23  3:34  SCV  
  24  3:42  Marine  
  24  3:44  Siege Tank  
  28  3:49  Supply Depot, Starport Reactor  
  28  3:50  SCV  
  28  3:54  Orbital Command  
  29  4:04  Command Center  
  29  4:13  Marine  
  29  4:14  Marauder  
  29  4:15  Marine  
  33  4:21  Supply Depot  
  33  4:26  Siege Tank  
  33  4:30  Marine  
  37  4:32  Marine  
  37  4:34  Marine  
  38  4:39  Concussive Shells  
  38  4:48  Marine  
  38  4:50  Marine  
  38  4:51  Orbital Command  
  38  4:52  Marine  
  38  5:03  Siege Tank  
  41  5:11  Marauder  
  43  5:16  SCV  
  43  5:17  SCV  
  43  5:18  Orbital Command  
  45  5:23  Marine  
  45  5:27  Medivac  
  48  5:29  SCV x2  
  50  5:41  Refinery, SCV x2  
  52  5:44  SCV  
  52  5:46  Refinery  
  53  5:50  Marine  
  53  5:51  Siege Tank  
  53  5:52  Marine  
  53  5:53  SCV x2  
  53  5:56  Supply Depot  
  53  5:57  Marine  
  60  5:59  Stimpack  
  61  6:04  SCV  
  61  6:09  SCV x2  
  64  6:12  Refinery  
  64  6:14  Marine  
  64  6:15  Marine  
  64  6:16  SCV  
  64  6:17  Marauder  
  69  6:21  SCV  
  69  6:25  Barracks  
  70  6:30  Supply Depot  
  70  6:51  Marauder  
  70  6:52  Siege Tank  
  70  6:53  Viking x2  
  79  7:01  Marine, SCV  
  79  7:02  Refinery  
  79  7:07  SCV  
  81  7:31  SCV x2  
  81  7:35  Viking  
  81  7:36  Supply Depot, Medivac, Siege Tank  
  90  7:37  SCV  
  90  7:43  SCV x2  
  93  7:44  Barracks Tech Lab  
  93  7:48  Barracks  
  93  7:49  Barracks  
  93  7:54  Supply Depot  
  93  7:57  Supply Depot  
  93  7:58  Marine, SCV  
  95  8:05  Viking, Marine  
  95  8:06  Viking  
  100  8:19  Marauder x2  
  104  8:26  Supply Depot  
  104  8:29  Supply Depot  
  59  8:53  Viking x2  
  52  9:04  Barracks Tech Lab  
  52  9:05  Barracks Tech Lab  
  32  9:23  Viking  
Show
View Real Time Build Order
Export as new Build Order

Enigma Zerg - Winner!

Build Orders: Hatch First 

Get SALT Encoding   

  12  0:00  Drone  
  13  0:34  Hatchery  
  13  0:35  Drone  
  13  0:54  Spawning Pool  
  12  0:59  Drone  
  12  1:02  Drone  
  14  1:11  Extractor  
  14  1:17  Drone  
  14  1:22  Overlord  
  14  1:44  Queen  
  14  1:46  Queen  
  18  1:53  Zergling x2  
  19  1:58  Drone  
  19  1:59  Drone  
  21  2:04  Zergling x2  
  22  2:13  Metabolic Boost  
  22  2:48  Drone x2  
  22  2:49  Hatchery  
  23  2:52  Drone  
  24  3:10  Drone  
  24  3:11  Drone x3  
  27  3:30  Zergling x2  
  27  3:32  Overlord  
  28  3:42  Extractor  
  27  3:50  Queen  
  27  3:54  Lair  
  29  4:00  Drone x5  
  29  4:01  Drone x3  
  36  4:17  Drone x6  
  42  4:29  Roach Warren  
  42  4:31  Zergling x2  
  42  4:33  Overlord  
  42  4:41  Overlord x2  
  42  4:55  Overlord x2  
  44  5:00  Spore Crawler  
  44  5:02  Spore Crawler  
  44  5:04  Spore Crawler  
  44  5:05  Zergling x2  
  44  5:06  Zergling x10  
  43  5:23  Spine Crawler  
  43  5:26  Evolution Chamber  
  41  5:30  Drone  
  41  5:31  Drone x4  
  41  5:33  Drone x5  
  51  5:40  Queen  
  51  5:42  Glial Reconstitution  
  53  5:51  Roach  
  53  5:52  Extractor, Roach x2  
  53  5:53  Roach  
  60  6:04  Roach x3  
  64  6:08  Evolution Chamber  
  65  6:12  Zerg Ground Armor Level 1  
  65  6:20  Overlord x2  
  65  6:39  Roach x7  
  79  6:40  Roach  
  79  6:41  Zergling x2  
  79  6:43  Overlord x3  
  82  6:50  Spore Crawler  
  82  6:52  Spine Crawler  
  80  7:06  Zerg Missile Weapons Level 1  
  80  7:15  Hatchery  
  79  7:16  Spore Crawler  
  79  7:17  Spore Crawler  
  79  7:22  Spore Crawler  
  76  7:24  Drone  
  76  7:25  Drone x7  
  76  7:26  Spore Crawler  
  83  7:46  Drone x7  
  92  7:51  Roach  
  92  7:52  Roach x3  
  92  7:54  Ravager x2  
  100  7:59  Extractor x2  
  98  8:12  Overlord x2  
  98  8:18  Roach  
  98  8:19  Roach x3  
  106  8:20  Overlord  
  106  8:21  Overlord  
  106  8:33  Roach  
  106  8:34  Roach x6  
  107  8:47  Zergling x2  
  107  8:48  Zergling x2  
  105  8:54  Roach  
  105  8:55  Roach x7  
  101  9:28  Roach  
  101  9:32  Extractor  
  101  9:33  Drone, Hydralisk Den  
  101  9:34  Drone x10  
  101  9:35  Extractor, Queen  
  92  10:21  Roach  
Show
View Real Time Build Order
Export as new Build Order

IIIIIIIIIIII Terran - Winner!

Build Orders: Reaper Expand, Mech 

Get SALT Encoding   

  12  0:01  SCV  
  13  0:13  SCV  
  14  0:17  Supply Depot  
  14  0:25  SCV  
  15  0:39  Barracks, SCV  
  16  0:45  Refinery  
  16  0:51  SCV  
  17  1:03  SCV  
  18  1:15  SCV  
  19  1:27  Reaper  
  19  1:28  Orbital Command  
  20  1:44  Command Center  
  20  1:52  Supply Depot  
  20  1:54  SCV  
  20  2:01  Refinery  
  21  2:06  SCV  
  22  2:13  Factory  
  22  2:18  SCV  
  22  2:22  Barracks Reactor  
  23  2:31  SCV  
  24  2:43  SCV  
  25  2:49  Factory  
  25  2:55  SCV, Orbital Command  
  26  3:03  Barracks Tech Lab, Supply Depot  
  26  3:07  Hellion  
  26  3:08  Hellion  
  30  3:13  SCV  
  31  3:22  SCV  
  32  3:29  Hellion x2  
  32  3:32  SCV  
  32  3:34  SCV  
  38  3:39  Infernal Pre-Igniter  
  38  3:44  Starport  
  38  3:45  SCV  
  39  3:52  Engineering Bay  
  39  3:54  SCV  
  40  4:01  Hellion x2  
  40  4:02  Hellion  
  46  4:04  SCV  
  47  4:16  Supply Depot  
  47  4:19  Missile Turret  
  47  4:20  Missile Turret  
  47  4:23  SCV  
  48  4:25  Viking  
  48  4:30  SCV  
  51  4:35  SCV  
  52  4:42  Hellion x3, SCV  
  59  4:47  SCV  
  59  4:51  Supply Depot  
  60  4:54  SCV  
  60  4:55  Liberator  
  60  4:59  SCV  
  62  5:03  Supply Depot  
  62  5:04  Supply Depot  
  62  5:07  Supply Depot  
  62  5:13  SCV  
  66  5:18  Barracks Reactor  
  66  5:19  Refinery  
  66  5:20  Refinery  
  66  5:22  SCV  
  66  5:25  SCV  
  68  5:31  Command Center  
  68  5:38  SCV x2  
  70  5:46  Supply Depot, Armory  
  70  5:47  Liberator x2  
  70  5:50  SCV x2  
  72  6:02  SCV x2  
  74  6:05  Siege Tank  
  74  6:06  Hellion x2  
  87  6:14  Supply Depot, SCV x2  
  89  6:26  SCV x2  
  89  6:27  Barracks Tech Lab  
  89  6:28  Refinery  
  89  6:30  Factory  
  91  6:33  Terran Vehicle Weapons Level 1, Refinery  
  91  6:38  Hellion x2, Siege Tank  
  98  6:42  Liberator x2, SCV  
  98  6:43  SCV  
  98  6:44  Orbital Command  
  100  6:49  Supply Depot  
  100  6:52  Supply Depot  
  106  7:01  SCV x2  
  106  7:07  Barracks Tech Lab  
  108  7:12  SCV  
  108  7:13  SCV  
  108  7:14  SCV  
  111  7:17  Siege Tank  
  111  7:18  Hellion x2  
  118  7:25  Liberator  
  118  7:33  Barracks Reactor  
  115  7:39  Factory  
  115  7:40  Supply Depot  
  115  7:42  Factory  
  115  7:43  Missile Turret  
  118  7:44  Missile Turret  
  118  7:45  Missile Turret, Hellion x2, Siege Tank  
  125  7:52  Siege Tank  
  128  8:07  Supply Depot  
  128  8:09  Command Center  
  128  8:10  Supply Depot  
  128  8:17  Supply Depot  
  128  8:33  Siege Tank x3  
  134  8:34  Hellion  
  134  8:35  Hellion  
  117  8:48  Hellion x2  
  113  8:56  Hellion  
  113  8:58  Viking x2  
  113  9:00  Starport  
  111  9:14  Hellion, Siege Tank x2  
  111  9:15  Hellion x2, Siege Tank  
  126  9:17  Hellion  
  125  9:29  Viking x2  
  129  9:35  SCV x3  
  132  9:40  Supply Depot x2  
  132  9:41  Starport Reactor  
  132  9:43  Supply Depot  
  132  9:47  SCV x2  
  132  9:48  SCV  
  135  9:59  Viking, SCV  
  138  10:15  Hellion  
  138  10:16  Hellion x3  
  159  10:29  Refinery  
  159  10:33  Refinery  
Tags
 
Add a new tag
Caveats
  • Supply blocks, unpowered buildings, or Contaminate may cause inaccurate times.
  • Supply counts are checked every 10 seconds.